 Dungeon Crawl Stone Soup version 0.22.0-38-g04b72b8 (webtiles) character file.

60 Lew the Skirmisher (level 3, -3/29 HPs)
             Began as a Demonspawn Abyssal Knight on Aug 29, 2018.
             Was a Follower of Lugonu.
             Slain by a worm (6 damage)
             ... on level 2 of the Dungeon.
             The game lasted 00:04:03 (1703 turns).

Lew the Skirmisher (Demonspawn Abyssal Knight)      Turns: 1703, Time: 00:04:04

Health: -3/29      AC: 13    Str: 13    XL:     3   Next: 80%
Magic:  5/5        EV: 11    Int: 13    God:    Lugonu [*.....]
Gold:   128        SH:  0    Dex: 12    Spells: 2/2 levels left

rFire    . . .     SeeInvis .   f - -3 spear (curse)
rCold    . . .     Gourm    .   (no shield)
rNeg     . . .     Faith    .   b - +1 leather armour
rPois    .         Spirit   .   (no helmet)
rElec    .         Reflect  .   (no cloak)
rCorr    .         Harm     .   (no gloves)
MR       .....                  (no boots)
Stlth    +.........             (no amulet)
HPRegen  0.09/turn              g - ring of flight
MPRegen  0.09/turn              (no ring)

@: sanguine armour
A: sanguine armour 2
a: Depart the Abyss, Renounce Religion, Evoke Flight


You were on level 2 of the Dungeon.
You worshipped Lugonu.
Lugonu was aware of your devotion.
You were not hungry.

You visited 1 branch of the dungeon, and saw 2 of its levels.
You visited the Abyss 1 time.

You collected 128 gold pieces.

Inventory:

Hand Weapons
 a - a +1 falchion
 f - a cursed -3 spear (weapon)
Armour
 b - a +1 leather armour (worn)
Jewellery
 g - a ring of flight (left hand)
Scrolls
 d - 3 scrolls of teleportation
 e - a scroll of enchant armour
 i - a scroll of identify
 l - a scroll of blinking
Potions
 h - a potion of brilliance {unknown}
Comestibles
 c - 3 rations


   Skills:
 + Level 3.4 Fighting
 + Level 2.2 Long Blades
 + Level 2.3 Armour
 + Level 1.6 Dodging
 + Level 3.2 Invocations


You had 2 spell levels left.
You didn't know any spells.
Your spell library was empty.

Dungeon Overview and Level Annotations

Branches:
Dungeon (2/15)

Altars:
Uskayaw


Innate Abilities, Weirdness & Mutations

When seriously injured, your bleeding wounds create thick armour. (AC +9)


Message History

You hit the worm but do no damage.
The worm is moderately wounded.
You hit the worm but do no damage.
The worm is moderately wounded.
The worm bites you.
You hit the worm but do no damage.
The worm is moderately wounded.
You barely miss the worm.
The worm is moderately wounded.
The worm bites you!
* * * LOW HITPOINT WARNING * * *
You hit the worm but do no damage.
The worm is lightly wounded.
The worm barely misses you.
You hit the worm but do no damage.
The worm is lightly wounded.
You hit the worm.
The worm is moderately wounded.
The worm bites you.
You die...

#########
#####.......#
....#.#####.#
#.......###.######
..#.#.#..........#
#........##.####.#
..#....#.#...###.#
........#.....##w#
...............#@#
..#..........#...#
.##..........##..##
.................!#
.....≈≈≈≈≈≈........#
....≈≈####≈≈......#.#
....≈## ##≈......##.#
....≈# #≈.....##.##
....≈# #≈....#..#


You could see a worm.

Vanquished Creatures
  2 adders (D:2)
  A dart slug (D:1)
  A leopard gecko (D:1)
  2 giant cockroaches (D:1)
  5 goblins
  4 hobgoblins
  5 jackals (D:2)
  6 bats
  4 frilled lizards (D:1)
  5 kobolds
  3 rats
38 creatures vanquished.

Notes
Turn   | Place    | Note
-------+----------+-------------------------------------------
     0 | Abyss:1  | Lew the Demonspawn Abyssal Knight began the quest for the Orb.
     0 | Abyss:1  | Reached XP level 1. HP: 18/18 MP: 2/2
     8 | Abyss:1  | Found a corrupted altar of Lugonu.
    57 | Abyss:1  | Found a corrupted altar of Lugonu.
    77 | Abyss:1  | Found a corrupted altar of Lugonu.
   141 | Abyss:1  | Noticed an eidolon
   153 | Abyss:1  | Noticed a raiju
   158 | D:1      | Escaped the Abyss
   171 | D:1      | Reached * piety under Lugonu
   171 | D:1      | Reached skill level 1 in Dodging
   216 | D:1      | Gained mutation: When seriously injured, your bleeding wounds create armour. (AC +9) [demonic ancestry]
   216 | D:1      | Reached XP level 2. HP: 18/24 MP: 4/4
   883 | D:2      | Gained mutation: When seriously injured, your bleeding wounds create thick armour. (AC +9) [demonic ancestry]
   883 | D:2      | Reached XP level 3. HP: 24/29 MP: 5/5
  1191 | D:2      | Noticed a hand axe
  1192 | D:2      | Noticed a dagger
  1194 | D:2      | Found a hide-covered altar of Uskayaw.
  1703 | D:2      | Slain by a worm

Skill      XL: |  1  2  3 |
---------------+----------+-----
Dodging        | 1 |  1.6
Long Blades    | 2 |  2.2
Armour         | 2 |  2.3
Invocations    | 3 |  3.2
Fighting       | |  3.4

Action                   || total
-------------------------++-------
Melee: Falchion          ||    63
       Spear             ||   176
Invok: Depart the Abyss  ||     1
  Use: Scroll            ||     5
       Potion            ||     3
 Stab: Invisible         ||     3
  Eat: Ration            ||     1
Armor: Leather armour    ||   107
Dodge: Dodged            ||   156
       Rpst.: Falchion   ||    16
